 Dungeon Crawl Stone Soup version 0.27.0-1-g7a089689b8 (webtiles) character file.

Game seed: 14327173983966401127

9908 avis the Martial Artist (level 11, -11/72 HPs)
             Began as an Octopode Transmuter on Aug 2, 2021.
             Was an Initiate of Gozag.
             Killed from afar by a hell hound (16 damage)
             ... with a blast of flame
             ... on level 2 of the Lair of Beasts.
             The game lasted 01:19:49 (12723 turns).

avis the Martial Artist (Octopode Transmuter)      Turns: 12723, Time: 01:19:50

Health: -11/72     AC:  2    Str: 12    XL:     11   Next: 53%
Magic:  18/20      EV: 22    Int: 15    God:    Gozag
Gold:   795        SH:  0    Dex: 19    Spells: 4/22 levels left

rFire    . . .     SeeInvis .     - Unarmed
rCold    + + .     Faith    .   (shield currently unavailable)
rNeg     + . .     Spirit   .   (helmet currently unavailable)
rPois    .         Reflect  .   M - amulet of regeneration
rElec    +         Harm     .   f - ring of wizardry
rCorr    +         Rampage  .   l - ring of flight
Will     +....                  F - ring of willpower
Stlth    ++........             L - ring of resist corrosion
HPRegen  1.22/turn              n - ring of poison resistance
MPRegen  0.17/turn              U - ring of positive energy
                                d - ring of ice
                                (no ring)

@: spider-form (expiring), resistant, flying, hasted (expiring), invisible, very
quick
A: venomous fangs, almost no armour, (amphibious), 8 rings, tiny, (camouflage
1), (gelatinous body 1), (nimble swimmer 1), (tentacles)
a: End Transformation, Renounce Religion, Potion Petition, Call Merchant, Bribe
Branch


You were on level 2 of the Lair of Beasts.
You worshipped Gozag.
Gozag was pleased with you.
You were a venomous arachnid creature.
You visited 3 branches of the dungeon, and saw 11 of its levels.
You also visited: Sewer and Ossuary.

You collected 1388 gold pieces.
You paid 593 gold pieces to Gozag.

Inventory:

Missiles
 c - 3 curare-tipped darts
 g - 58 poisoned darts
 i - 5 silver javelins
 o - 18 boomerangs
 u - 3 silver boomerangs
 H - 4 throwing nets
 I - 2 javelins
Armour
 a - a +1 buckler of positive energy (melded)
 O - a +0 hat (melded)
Jewellery
 d - a ring of ice (on tentacle)
 f - a ring of wizardry (left front leg)
 l - a ring of flight (right front leg)
 n - a ring of poison resistance (on tentacle)
 F - a ring of willpower (on tentacle)
 L - a ring of resist corrosion (on tentacle)
 M - an amulet of regeneration (around neck)
 U - a ring of positive energy (on tentacle)
Wands
 q - a wand of flame (32)
 w - a wand of mindburst (11)
 N - a wand of charming (2)
Scrolls
 b - 4 scrolls of teleportation
 h - 3 scrolls of fog
 k - a scroll of torment {unknown}
 r - a scroll of blinking
 t - 4 scrolls of immolation
 v - a scroll of amnesia {unknown}
 y - 2 scrolls of magic mapping
 D - 2 scrolls of noise {unknown}
 J - a scroll of silence {unknown}
 Q - a scroll of vulnerability {unknown}
Potions
 e - a potion of cancellation
 j - 2 potions of resistance
 m - 2 potions of lignification
 p - 4 potions of curing
 s - 3 potions of berserk rage
 x - a potion of mutation
 A - a potion of heal wounds {unknown}
 B - 3 potions of brilliance
 C - 2 potions of attraction


   Skills:
 - Level 6.0 Fighting
 - Level 5.0 Dodging
 - Level 2.0 Stealth
 - Level 4.0 Shields
 * Level 12.4 Unarmed Combat
 - Level 6.0 Spellcasting
 - Level 4.0 Translocations
 - Level 4.0 Transmutations
 - Level 4.0 Ice Magic
 - Level 2.0 Poison Magic


You had 4 spell levels left.
You knew the following spells:

 Your Spells              Type           Power      Damage    Failure   Level
a - Beastly Appendage     Tmut           32%        N/A       4%          1
b - Blink                 Tloc           N/A        N/A       5%          2
o - Teleport Other        Tloc           16%        N/A       9%          3
p - Spider Form           Tmut/Pois      6%         N/A       12%         3
q - Ice Form              Ice/Tmut       24%        N/A       22%         4
M - Manifold Assault      Tloc           16%        N/A       45%         5

Your spell library contained the following spells:

 Spells                   Type           Power      Damage    Failure   Level
 Wereblood                Tmut           16%        N/A       5%          2
 Gell's Gravitas          Tloc           8%         N/A       9%          3
 Lesser Beckoning         Tloc           8%         N/A       9%          3


Dungeon Overview and Level Annotations

Branches:
Dungeon (8/15)             Temple (1/1) D:4            Lair (1/6) D:8
  Snake (0/4) Lair:2        Sewer (visited)         Ossuary (visited)

Altars:
Ashenzari
Cheibriados
Gozag
Sif Muna
Trog
Uskayaw
Yredelemnul

Shops:
D:4 (

Portals:
Volcano: Lair:2

Annotations:
D:8 2 transporters, Smaepdii's ghost, novice DDFi


Innate Abilities, Weirdness & Mutations

You are a venomous arachnid creature.
You have poisonous fangs.
You are tiny and dextrous.
Your spellcasting is less reliable in this form.
Your armour is entirely melded.
You are incapable of wielding weapons or throwing items.
You cannot wear most types of armour.
((You are amphibious.))
You can wear up to eight rings at the same time.
((Your skin changes colour to match your surroundings (Stealth+).))
((Your rubbery body absorbs attacks. (AC +1, EV +1)))
((You are camouflaged near water. (Stealth+)))
((You have tentacles for arms and can constrict up to eight enemies at once.))


Message History

The hell hound bites you!
* * * LOW HITPOINT WARNING * * *
You hit the hell hound but do no damage.
The hell hound looks even sicker.
The hell hound is lightly wounded.
The hell hound misses you.
You hit the hell hound.
The hell hound is moderately wounded.
The hell hound is no longer distracted by gold.
The hell hound completely misses you.
You barely miss the hell hound.
The hell hound is moderately wounded.
You hit the hell hound.
The hell hound is heavily wounded.
The hell hound misses you.
You completely miss the hell hound.
The hell hound is heavily wounded.
The hell hound misses you.
You hit the hell hound.
The hell hound is heavily wounded.
You hit the hell hound but do no damage.
The hell hound is heavily wounded.
Your extra speed is starting to run out.
The hell hound bites you!
* * * LOW HITPOINT WARNING * * *
You hit the hell hound but do no damage.
The hell hound is heavily wounded.
The hell hound bites you!
* * * LOW HITPOINT WARNING * * *
[a] - 360 gold - brilliance and magic [b] - 230 gold - haste [c] - 522 gold - resistance and invisibility Purchase which effect?
You no longer have enough gold to fund merchants seeking to open stores in the dungeon.
You feel protected.
You fade into invisibility!
Your transformation is almost over.
The hell hound breathes flames at you. The blast of flame hits you!
You die...
Your body crumbles into a pile of gold.

*,,,,,**,,,,,,,,.,,**#.P#
,,,,,,**,,,,,,*****,*#.##
+,,,,,,,,,,,,***##***#..#
*,,,,,*,,,,,,**#∩## #.##
*,,,,,+,,,,,,**...# #.#
**,,+,**,,,,,##..#*###.##
,,*,,*,,,,,,##...###....#
,,,,,,,,,,,,#..###.....##
*,,***,,***,##hhs...#..#
**** **** ***#####.#.###
#####


You could see 2 hell hounds.

Vanquished Creatures
  Fannar (Lair:1)
  A hydra (Lair:2)
  3 death yaks (Lair:2)
  2 cane toads
  A komodo dragon (Lair:1)
  A wyvern (D:7)
  Eustachio (D:5)
  10 yaks
  2 steam dragons
  2 wargs (D:8)
  A water moccasin (Lair:1)
  4 orc warriors
  A sky beast (D:6)
  2 ice beasts
  Purgy (Sewer)
  A necrophage (D:7)
  2 ogres
  3 phantoms
  4 bullfrogs
  A gnoll sergeant (D:6)
  2 water moccasin zombies
  A wyvern zombie (D:7)
  A water moccasin skeleton (D:5)
  10 wights
  4 howler monkeys
  A centaur zombie (D:8)
  A bullfrog zombie (D:5)
  2 hounds
  5 orc priests
  Crazy Yiuf (D:6)
  4 iguanas
  5 jellies
  2 bullfrog skeletons
  A centaur skeleton (D:6)
  Terence (D:3)
  7 orc wizards
  13 mummies
  A howler monkey zombie (D:5)
  7 gnolls
  10 adders
  5 white imps
  An ufetubus (D:7)
  An adder zombie (D:5)
  A worm (D:2)
  3 dart slugs
  25 orcs
  12 bats
  6 endoplasms
  5 giant cockroaches
  11 goblins
  3 hobgoblins
  10 jackals (D:1)
  8 kobolds
  2 quokkas
  3 training dummies (D:4)
  7 ball pythons
  4 frilled lizards (D:1)
  2 gnoll skeletons (Ossuary)
  3 goblin skeletons (Ossuary)
  A kobold skeleton (Ossuary)
  2 orc skeletons (Ossuary)
  4 rats (D:3)
  11 rat skeletons (Ossuary)
253 creatures vanquished.

Vanquished Creatures (others)
  2 orcs (D:7)
  5 plants
7 creatures vanquished.

Grand Total: 260 creatures vanquished

Notes
Turn   | Place    | Note
-------+----------+-------------------------------------------
     0 | D:1      | avis the Octopode Transmuter began the quest for the Orb.
     0 | D:1      | Reached XP level 1. HP: 13/13 MP: 3/3
    61 | D:1      | Reached skill level 1 in Stealth
   237 | D:1      | Reached XP level 2. HP: 13/18 MP: 3/5
   827 | D:1      | Reached XP level 3. HP: 23/23 MP: 4/6
   857 | D:1      | Learned a level 3 spell: Spider Form
  1066 | D:1      | Found a faded altar of an unknown god.
  1111 | D:1      | Reached skill level 4 in Unarmed Combat
  1284 | D:1      | Reached skill level 1 in Poison Magic
  1775 | D:2      | Reached XP level 4. HP: 28/28 MP: 3/7
  1968 | D:2      | Learned a level 2 spell: Blink
  2608 | D:2      | Reached skill level 5 in Unarmed Combat
  2608 | D:2      | Reached XP level 5. HP: 28/33 MP: 4/8
  3242 | D:3      | Identified a scroll of acquirement
  3242 | D:3      | Acquired a +1 buckler of positive energy
  3405 | D:3      | Found a glowing drain.
  3430 | Sewer    | Entered a sewer
  3459 | Sewer    | Noticed Purgy
  3469 | Sewer    | Killed Purgy
  3470 | Sewer    | Reached skill level 1 in Shields
  3470 | Sewer    | Reached XP level 6. HP: 30/39 MP: 7/10
  3567 | D:3      | Learned a level 4 spell: Ice Form
  3917 | D:3      | Noticed Terence
  3958 | D:3      | Killed Terence
  4279 | D:4      | Found Gafy's Firing Range.
  4540 | D:3      | Reached XP level 7. HP: 37/45 MP: 8/11
  4563 | D:4      | Found a sand-covered staircase.
  4576 | Ossuary  | Entered an ossuary
  5284 | Ossuary  | Reached skill level 6 in Unarmed Combat
  5622 | D:4      | Reached skill level 1 in Ice Magic
  5622 | D:4      | Reached XP level 8. HP: 39/52 MP: 7/12
  6887 | D:4      | Found an opulent altar of Gozag.
  6904 | D:4      | Became a worshipper of Gozag Ym Sagoz the Greedy
  6960 | D:4      | Learned a level 3 spell: Teleport Other
  6989 | D:4      | Found a snail-covered altar of Cheibriados.
  6999 | D:4      | Found a basalt altar of Yredelemnul.
  7104 | D:4      | Found a staircase to the Ecumenical Temple.
  7113 | Temple   | Entered the Ecumenical Temple
  7158 | D:5      | Entered Level 5 of the Dungeon
  7247 | D:5      | You are sucked into a shaft and drop 2 floors!
  7267 | D:7      | Reached skill level 1 in Translocations
  7337 | D:7      | Noticed a wyvern
  7347 | D:7      | Killed a wyvern
  7514 | D:7      | Reached skill level 7 in Unarmed Combat
  7514 | D:7      | Reached XP level 9. HP: 29/58 MP: 10/13
  7783 | D:6      | Reached skill level 5 in Fighting
  8587 | D:5      | Found a broken altar of Ashenzari.
  8899 | D:5      | Reached skill level 5 in Dodging
  9295 | D:5      | Noticed Eustachio
  9311 | D:5      | Killed Eustachio
 10074 | D:6      | Reached skill level 5 in Spellcasting
 10418 | D:6      | Learned a level 5 spell: Manifold Assault
 10473 | D:6      | Found a runed translucent door.
 10474 | D:6      | Noticed Crazy Yiuf
 10485 | D:6      | Killed Crazy Yiuf
 11369 | D:8      | Noticed a moth of wrath
 11372 | D:8      | Noticed Smaepdii's ghost (novice DDFi)
 11382 | D:8      | Found a bloodstained altar of Trog.
 11390 | D:8      | Found a transporter.
 11428 | D:8      | Reached skill level 8 in Unarmed Combat
 11435 | D:8      | Reached XP level 10. HP: 66/66 MP: 15/17
 11701 | D:8      | Found a hide-covered altar of Uskayaw.
 11767 | D:8      | Found a transporter.
 11888 | D:8      | Reached skill level 9 in Unarmed Combat
 11953 | D:8      | Found a staircase to the Lair.
 12128 | Lair:1   | Entered Level 1 of the Lair of Beasts
 12273 | Lair:1   | Noticed Fannar
 12275 | Lair:1   | Noticed a cane toad
 12327 | D:8      | Killed a cane toad
 12328 | D:8      | Reached skill level 10 in Unarmed Combat
 12431 | Lair:1   | Killed Fannar
 12432 | Lair:1   | Reached skill level 11 in Unarmed Combat
 12484 | Lair:1   | You are sucked into a shaft and drop 1 floor!
 12509 | Lair:2   | Noticed a five-headed hydra
 12522 | Lair:2   | Killed a five-headed hydra
 12523 | Lair:2   | Reached XP level 11. HP: 71/71 MP: 9/20
 12661 | Lair:2   | Noticed a death yak
 12661 | Lair:2   | Noticed a death yak
 12662 | Lair:2   | Noticed a death yak
 12671 | Lair:2   | Killed a death yak
 12672 | Lair:2   | Reached skill level 12 in Unarmed Combat
 12688 | Lair:2   | Killed a death yak
 12690 | Lair:2   | Killed a death yak
 12703 | Lair:2   | Found a dark tunnel.
 12723 | Lair:2   | Killed from afar by a hell hound

Illustrated notes

Levels and vault maps discovered:
D:1:      dpeg_arrival_rhombi, layout_loops_cross,
          shapermc_ecumenical_altar_flowoftime, serial_co_window_serial,
          co_window_paths_a, co_window_paths_a, co_window_paths_a,
          co_window_paths_a, co_window_paths_b, co_window_cross_2,
          co_window_corner_cb, co_window_unsneaky_path_e,
          co_window_of_opportunity_b, co_window_of_opportunity_c,
          co_window_corner_b, glass_columns_a, chequers_serial_rivers_micro_c
D:2:      cheibrodos_pilgrimage, layout_basic, minmay_heptomino_w4
D:3:      layout_loops_ring, portal_sewer_entry_c, uniq_terence
D:4:      layout_rooms, mainiacjoe_overflow_concentric_impassable,
          mainiacjoe_overflow_swirl, minmay_temple_entry_poolview,
          gup_ossuary_entry_pyramid, chequers_serial_rivers_micro_d,
          st_stairs_11, nicolae_shop_firing_range
D:5:      minmay_evil_eye, layout_layer_cave, nicolae_ashenzari_panopticon,
          minivault_14, uniq_eustachio
D:6:      layout_basic, serial_glass, glass_columns_a, glass_columns_b,
          uniq_crazy_yiuf_cottage
D:7:      layout_rooms
D:8:      layout_basic, overflow_temple_1_default, erik_lair_orcish_takeover,
          gammafunk_ghost_wrathful_warriors, corexii_leaking_fountain
Temple:   regret_index_temple_waves
Lair:1:   layout_gridlike, uniq_fannar
Lair:2:   layout_regular_city, minmay_snake_entry_six_corridors, enter_volcano_3

Skill      XL: |  1  2  3  4  5  6  7  8  9 10 11 |
---------------+----------------------------------+-----
Stealth        | 2 |  2.0
Unarmed Combat | 4 5 6 7 8 11 12 | 12.4
Poison Magic   | 2 |  2.0
Spellcasting   | 3 5 6 |  6.0
Fighting       | 2 3 4 5 6 |  6.0
Shields        | 1 4 |  4.0
Transmutations | 3 4 |  4.0
Ice Magic      | 1 4 |  4.0
Translocations | 2 4 |  4.0
Dodging        | 5 |  5.0

Action                   |  1- 3 |  4- 6 |  7- 9 | 10-12 || total
-------------------------+-------+-------+-------+-------++-------
Melee: Unarmed           |    80 |   141 |   459 |   214 ||   894
       Kick              |    15 |     6 |    11 |     6 ||    38
       Constrict         |    15 |    10 |    15 |     1 ||    41
       Tentacles         |     8 |     6 |    12 |       ||    26
       Punch             |       |       |     4 |       ||     4
 Cast: Beastly Appendage |    20 |    11 |    11 |     3 ||    45
       Spider Form       |     2 |    20 |    83 |     9 ||   114
       Teleport Other    |       |       |     3 |     2 ||     5
       Ice Form          |       |       |       |    10 ||    10
       Blink             |       |       |       |     1 ||     1
Invok: Potion Petition   |       |       |       |     1 ||     1
 Abil: End Transformatio |       |       |     1 |     1 ||     2
  Use: Scroll            |       |     7 |     5 |     4 ||    16
       Potion            |       |       |       |     2 ||     2
 Stab: Sleeping          |     7 |    10 |    14 |     1 ||    32
       Distracted        |       |       |     2 |       ||     2
Armor: Skin              |     7 |    11 |    15 |    16 ||    49
Dodge: Dodged            |    49 |   113 |   303 |   111 ||   576
Block: Buckler           |       |       |       |     4 ||     4
